 Dungeon Crawl Stone Soup version 0.28.0-53-g5a82cb258f (webtiles) character file.

Game seed: 7554128575446645104

14662 cbfl8 the Fighter (level 12, -7/78 HPs)
             Began as a Gargoyle Berserker on July 20, 2022.
             Was a Priest of Trog.
             Mangled by a sun demon (18 damage)
             ... summoned by a kobold demonologist
             ... on level 10 of the Dungeon.
             The game lasted 00:32:03 (12632 turns).

cbfl8 the Fighter (Gargoyle Berserker)             Turns: 12632, Time: 00:32:03

Health: -7/78      AC: 30    Str: 22    XL:     12   Next: 18%
Magic:  15/15      EV: 11    Int:  8    God:    Trog [***...]
Gold:   482        SH: 12    Dex: 13    Spells: 11/11 levels left

rFire   . . .      SeeInvis .   p - +0 broad axe
rCold   . . .      Faith    .   J - +2 kite shield
rNeg    + . .      Spirit   .   C - +0 crystal plate armour
rPois   ∞          Reflect  .   O - +2 hat
rElec   +          Harm     .   i - +0 cloak
rCorr   .          Rampage  .   (no gloves)
Will    .....                   (no boots)
Stlth   ..........              w - amulet of magic regeneration
HPRegen 0.23/turn               a - +4 ring of evasion
MPRegen 0.54/turn               k - +4 ring of evasion

@: on berserk cooldown, slowed, studying Invocations, very slow
A: sickness immunity, AC +8, negative energy resistance 1, electricity
resistance, torment resistance 1, petrification resistance
a: Renounce Religion, Berserk, Trog's Hand


You were on level 10 of the Dungeon.
You worshipped Trog.
Trog was most pleased with you.
You visited 1 branch of the dungeon, and saw 10 of its levels.
You also visited: Sewer, Ossuary and Bailey.

You collected 570 gold pieces.
You spent 88 gold pieces at shops.

Inventory:

Hand Weapons
 b - a +3 vampiric trident
 p - a +0 broad axe (weapon)
 r - a +2 vampiric glaive
 s - a +2 vampiric halberd
Armour
 d - a +0 plate armour
 i - a +0 cloak (worn)
 m - a +2 ring mail of willpower
 t - an orb of light
 C - a +0 crystal plate armour (worn)
 J - a +2 kite shield (worn)
 M - a +0 helmet
 O - a +2 hat (worn)
Jewellery
 a - a +4 ring of evasion (left hand)
 k - a +4 ring of evasion (right hand)
 l - a ring of magical power
 u - a ring of protection from cold
 w - an amulet of magic regeneration (around neck)
Wands
 x - a wand of paralysis (2)
 R - a wand of iceblast (6)
Scrolls
 c - 8 scrolls of noise
 g - 2 scrolls of blinking
 h - a scroll of immolation {unknown}
 j - 3 scrolls of amnesia {unknown}
 v - a scroll of brand weapon {unknown}
 y - a scroll of teleportation
 D - a scroll of holy word {unknown}
 G - 2 scrolls of enchant armour {unknown}
 H - a scroll of fear {unknown}
 K - 3 scrolls of enchant weapon {unknown}
 N - 2 scrolls of magic mapping {unknown}
 S - a scroll of torment {unknown}
Potions
 e - 3 potions of haste
 f - a potion of resistance {unknown}
 n - a potion of curing
 o - 3 potions of cancellation
 z - 5 potions of magic {unknown}
 A - 2 potions of flight
 B - 2 potions of invisibility {unknown}
 E - 2 potions of might {unknown}
 F - 4 potions of mutation {unknown}
 L - a potion of degeneration {unknown}
 P - a potion of berserk rage {unknown}


   Skills:
 * Level 10.4 Fighting
 + Level 4.8(8.0) Axes
 + Level 10.0(10.5) Polearms
 + Level 7.6 Armour
 + Level 2.2 Dodging
 + Level 1.4 Stealth
 + Level 6.3 Shields
 + Level 0.1 Unarmed Combat
 * Level 5.1 Invocations
 * Level 7.3 Evocations


You had 11 spell levels left.
You didn't know any spells.
Your spell library was empty.

Dungeon Overview and Level Annotations

Branches:
Dungeon (10/15)            Temple (0/1) D:7            Lair (0/6) D:9
  Sewer (visited)         Ossuary (visited)          Bailey (visited)
    Orc: D:9-12

Altars:
Gozag
Vehumet
Zin

Shops:
D:6 [(!   D:7 [   D:8 *

Annotations:
D:5 3 runed translucent doors, angelusfrater's ghost, novice HOSu


Innate Abilities, Weirdness & Mutations

You are immune to sickness and miasma.
Your stone body is resilient. (AC +8)
You are immune to poison.
You resist negative energy. (rN+)
You are resistant to electric shocks. (rElec)
You are resistant to unholy torment.
You are immune to petrification.


Message History

You closely miss the kobold demonologist.
The kobold demonologist is lightly wounded.
The kobold demonologist gestures wildly while chanting.
The crimson imp grins evilly.
The kobold demonologist hits you but does no damage.
You block the kobold demonologist's attack.
You closely miss the kobold demonologist.
The kobold demonologist is lightly wounded.
You hit the sun demon.
The ufetubus disappears in a puff of smoke!
The sun demon closely misses you.
The kobold demonologist closely misses you.
The sun demon hits you but does no damage.
You block the kobold demonologist's attack.
You barely miss the kobold demonologist.
The kobold demonologist is lightly wounded.
You slash the sun demon! The sun demon hits you!
You are engulfed in flames!
You block the kobold demonologist's attack.
The sun demon hits you!
You are engulfed in flames!
* * * LOW HITPOINT WARNING * * *
The kobold demonologist hits you but does no damage.
The sun demon closely misses you.
You slice the kobold demonologist!!
The kobold demonologist is severely wounded.
You barely miss the sun demon. You block the sun demon's attack.
The kobold demonologist completely misses you.
The sun demon hits you but does no damage.
The kobold demonologist casts a spell.
Unknown command.
You slash the kobold demonologist!
The kobold demonologist is almost dead.
You hit the sun demon.
The sun demon hits you but does no damage.
The kobold demonologist hits you but does no damage.
You block the sun demon's attack.
You block the kobold demonologist's attack.
The sun demon hits you!
* * * LOW HITPOINT WARNING * * *
You are engulfed in flames!!
You die...

#.# #<#
##. #.#
.... #.#
.....
#.##.....
#o.5.§.<.
#YYo.Y...
#K##.Y...
#@# .....
#3# ....
#.# ...
#.# ...
#.# #.#
#.# #.#


You could see a sun demon (summoned), a kobold demonologist, 2 yaks, an orc
warrior and a quasit (summoned).

Vanquished Creatures
  Gastronok (D:8)
  Erica (D:9)
  2 death yaks
  A tengu warrior (D:8)
  Pikel (D:5)
  A gargoyle (Bailey)
  Maggie (D:8)
  Psyche (D:8)
  A troll (D:9)
  10 yaks
  A wyvern (D:8)
  A vampire (Bailey)
  The ghost of 0gre the Shield-Bearer, an amateur GnFi (D:3)
  A wyvern (shapeshifter) (D:9)
  Grum (D:8)
  Menkaure (D:5)
  An acid dragon (D:8)
  Duvessa (D:7)
  2 water moccasins
  3 black bears
  4 centaurs
  2 ogres
  3 wolves (D:8)
  A lemure (D:5)
  Blork the orc (D:4)
  A kobold brigand (D:9)
  3 bullfrogs
  2 gnoll sergeants
  11 scorpions
  3 wyvern skeletons (D:7)
  Dowan (D:7)
  8 wights
  7 vampire bats (Bailey)
  2 howler monkeys
  7 wolf zombies (Bailey)
  3 jellies
  5 centaur zombies
  3 bullfrog skeletons
  A centaur skeleton (D:5)
  2 hounds
  3 human zombies (Ossuary)
  3 orc priests
  2 iguanas
  Ijyb (D:3)
  8 orc wizards
  5 scorpion zombies (Ossuary)
  A hell rat (Sewer)
  A hound zombie (D:5)
  3 mummies (Ossuary)
  Robin (D:4)
  8 gnolls
  8 adders
  A shadow imp (D:7)
  3 white imps
  An ufetubus (D:4)
  A worm (D:2)
  7 dart slugs
  13 orcs
  7 bats
  6 endoplasms
  8 giant cockroaches
  16 goblins
  6 hobgoblins
  8 jackals
  4 quokkas
  2 ball pythons
  3 frilled lizards
  2 hobgoblin zombies (Ossuary)
  6 kobolds
  4 kobold zombies
  20 orc zombies
  11 rats
276 creatures vanquished.

Vanquished Creatures (collateral kills)
  A two-headed ogre (D:9)
  A death yak (D:9)
  The ghost of turdburglar the Grappler, a novice TrBe of Qazlal (D:9)
  A tengu conjurer (D:9)
  A vampire (Bailey)
  2 yaks (D:9)
7 creatures vanquished.

Vanquished Creatures (others)
  A shadow imp (D:8)
1 creature vanquished.

Grand Total: 284 creatures vanquished

Notes
Turn   | Place    | Note
-------+----------+-------------------------------------------
     0 | D:1      | cbfl8 the Gargoyle Berserker began the quest for the Orb.
     0 | D:1      | Reached XP level 1. HP: 14/14 MP: 1/1
     2 | D:1      | Noticed a ghoul
     2 | D:1      | Noticed a draconian
     4 | D:1      | Noticed a minotaur
     4 | D:1      | Noticed a naga
     6 | D:1      | Noticed a gargoyle
     8 | D:1      | Noticed a formicid
    10 | D:1      | Noticed a vampire
    12 | D:1      | Noticed a merfolk
    12 | D:1      | Noticed a spriggan
    14 | D:1      | Noticed a demigod
    14 | D:1      | Noticed a demonspawn
    16 | D:1      | Noticed a felid
    16 | D:1      | Noticed an elf
    18 | D:1      | Noticed an ogre
    18 | D:1      | Noticed a dwarf
    20 | D:1      | Noticed a vine stalker
    20 | D:1      | Noticed a human
    22 | D:1      | Noticed a troll
    22 | D:1      | Noticed an octopode
    24 | D:1      | Noticed a tengu
   116 | D:1      | Reached XP level 2. HP: 9/19 MP: 2/2
   335 | D:1      | Found a faded altar of an unknown god.
   669 | D:1      | Reached XP level 3. HP: 23/23 MP: 3/3
   835 | D:1      | Reached ** piety under Trog
  1032 | D:1      | Reached skill level 1 in Evocations
  1619 | D:2      | Reached XP level 4. HP: 29/29 MP: 4/4
  1959 | D:2      | Reached XP level 5. HP: 33/33 MP: 5/5
  2184 | D:3      | Found a glowing drain.
  2206 | Sewer    | Entered a sewer
  2531 | D:3      | Noticed Ijyb
  2557 | D:3      | Killed Ijyb
  2906 | D:3      | Found a runed translucent gate.
  2907 | D:3      | Found a runed translucent gate.
  2907 | D:3      | Found an opulent altar of Gozag.
  2908 | D:3      | Found a runed translucent gate.
  2912 | D:3      | Noticed 0gre's ghost (amateur GnFi)
  3126 | D:4      | Reached XP level 6. HP: 18/39 MP: 6/6
  3132 | D:4      | Reached skill level 1 in Polearms
  3368 | D:4      | Noticed Robin
  3669 | D:3      | Reached *** piety under Trog
  3798 | D:4      | Killed Robin
  3821 | D:4      | You fall into a shaft and drop 3 floors!
  3863 | D:7      | Found Eceonon's Antique Armour Boutique.
  3885 | D:6      | Reached XP level 7. HP: 44/44 MP: 7/7
  3948 | D:6      | Found Temmu's Distillery.
  3955 | D:6      | Bought a potion of heal wounds for 55 gold pieces
  3955 | D:6      | Bought a potion of curing for 33 gold pieces
  4024 | D:6      | Reached skill level 5 in Fighting
  4041 | D:5      | Entered Level 5 of the Dungeon
  4081 | D:5      | Noticed Pikel
  4124 | D:5      | Killed Pikel
  4125 | D:5      | Reached XP level 8. HP: 51/51 MP: 8/8
  4205 | D:5      | Found a runed translucent gate.
  4205 | D:5      | Found a runed translucent gate.
  4205 | D:5      | Found a runed translucent gate.
  4205 | D:5      | Noticed angelusfrater's ghost (novice HOSu)
  4412 | D:5      | Found a sand-covered staircase.
  4435 | Ossuary  | Entered an ossuary
  4487 | Ossuary  | Reached skill level 5 in Polearms
  4551 | Ossuary  | Reached XP level 9. HP: 48/56 MP: 9/9
  4835 | Ossuary  | Reached **** piety under Trog
  5046 | D:5      | Noticed Menkaure
  5057 | D:5      | Killed Menkaure
  5356 | D:4      | Noticed Blork the orc
  5361 | D:4      | Killed Blork the orc
  5589 | D:4      | Reached skill level 5 in Armour
  6095 | D:3      | Killed 0gre's ghost
  6323 | D:5      | Found a radiant altar of Vehumet.
  6333 | D:5      | Found a glowing silver altar of Zin.
  6566 | D:6      | Found Wos Ocuf's Antique Weapon Shoppe.
  6608 | D:6      | Found Atuumir's Armour Shoppe.
  7295 | D:7      | Noticed Duvessa
  7297 | D:7      | Noticed Dowan
  7317 | D:7      | Killed Duvessa
  7318 | D:7      | Reached skill level 1 in Shields
  7318 | D:7      | Reached XP level 10. HP: 64/64 MP: 10/10
  7320 | D:7      | Reached skill level 5 in Evocations
  7329 | D:7      | Killed Dowan
  7961 | D:7      | Found a staircase to the Ecumenical Temple.
  8269 | D:8      | Found a flagged portal.
  8280 | Bailey   | Entered a bailey
  8390 | Bailey   | Noticed a gargoyle
  8405 | Bailey   | Killed a gargoyle
  8566 | Bailey   | Reached ***** piety under Trog
  9226 | D:8      | Noticed Grum
  9250 | D:8      | Killed Grum
  9345 | D:8      | Noticed Psyche
  9499 | D:8      | Noticed a tengu warrior
  9518 | D:8      | Killed a tengu warrior
  9519 | D:8      | Reached XP level 11. HP: 71/71 MP: 11/11
  9560 | D:8      | Noticed Gastronok
  9601 | D:8      | Killed Gastronok
  9615 | D:8      | Reached skill level 5 in Shields
  9803 | D:8      | Found Uleloc's General Store.
  9936 | D:8      | Noticed Maggie
  9944 | D:8      | Killed Psyche
  9963 | D:8      | Killed Maggie
  9964 | D:8      | Reached skill level 1 in Stealth
 10419 | D:9      | Found a runed translucent door.
 10419 | D:9      | Noticed turdburglar's ghost (novice TrBe)
 10469 | D:9      | Noticed a two-headed ogre
 10476 | D:9      | Killed a two-headed ogre
 10477 | D:9      | Reached skill level 1 in Invocations
 10484 | D:9      | Killed turdburglar's ghost
 10868 | D:9      | Reached skill level 10 in Fighting
 11172 | D:9      | Noticed Erica
 11189 | D:9      | Noticed a death yak
 11196 | D:9      | Noticed a death yak
 11198 | D:9      | Noticed a boulder beetle
 11198 | D:9      | Noticed a death yak
 11233 | D:8      | Killed a death yak
 11545 | D:9      | Identified the +6 dagger of the Owl {protect, rPois rC+
                  | Str-2 Int+9}
 11550 | D:9      | Killed Erica
 11594 | D:9      | Found a staircase to the Lair.
 11788 | D:9      | Reached skill level 10 in Polearms
 11879 | D:9      | Killed a death yak
 11880 | D:9      | Reached XP level 12. HP: 78/78 MP: 15/15
 11897 | D:9      | Killed a death yak
 12584 | D:10     | Entered Level 10 of the Dungeon
 12601 | D:10     | Reached skill level 5 in Invocations
 12629 | D:10     | Noticed a sun demon
 12632 | D:10     | Mangled by a sun demon

Illustrated notes

Levels and vault maps discovered:
D:1:      kb_arrival_jail, layout_rooms,
          hellmonk_ecumenical_altar_leap_of_faith, minmay_three_crescents
D:2:      layout_loops_ring
D:3:      layout_rooms, portal_sewer_entry_f, ebering_ghost_gozag, uniq_ijyb
D:4:      layout_rooms, uniq_robin, uniq_blork_the_orc
D:5:      layout_basic, mainiacjoe_overflow_big_doors,
          gammafunk_ghost_nasty_kobolds, enter_ossuary_3,
          minmay_misc_feat_cross, grunt_decor_fettered, uniq_pikel,
          uniq_menkaure
D:6:      layout_cave_pods, serial_shops, nicolae_stop_n_shop_2, shop,
          nicolae_shop_waterfront
D:7:      layout_basic, minmay_temple_entry_junction_2, serial_shops,
          nicolae_shop_statue_plus, uniq_duvessa
D:8:      layout_gridville, serial_shops, nicolae_stop_n_shop_1, enter_bailey_2,
          nicolae_water_bricks, minmay_manual_mandibuliform, uniq_gastronok,
          uniq_psyche, uniq_maggie, uniq_grum
D:9:      layout_roguey, dpeg_lair_monsters, gammafunk_ghost_grave, uniq_erica
D:10:     hangedman_cross_stitches, layout_long_grid,
          amethyst_overflow_temple_binary, minmay_orc_entry_guard_dogs,
          ebering_ghost_rock_garden, serial_shops, shop_fountains,
          chequers_serial_rivers_micro_d

Skill      XL: |  1  2  3  4  5  6  7  8  9 10 11 12 |
---------------+-------------------------------------+-----
Axes           | 3 4 |  4.8
Evocations     | 1 2 3 4 6 7 |  7.3
Dodging        | 2 |  2.2
Fighting       | 4 5 6 8 9 10 | 10.4
Polearms       | 2 3 5 7 9 10 | 10.0
Armour         | 3 4 5 6 7 |  7.6
Shields        | 1 3 6 |  6.3
Stealth        | 1 |  1.4
Invocations    | 4 5 |  5.1
Unarmed Combat | |  0.1

Action                   |  1- 3 |  4- 6 |  7- 9 | 10-12 || total
-------------------------+-------+-------+-------+-------++-------
Melee: Hand axe          |   100 |    98 |       |       ||   198
       Trident           |       |   148 |    69 |   568 ||   785
       Punch             |       |     1 |       |       ||     1
       Halberd           |       |       |   254 |       ||   254
       Unarmed           |       |       |       |     5 ||     5
       Broad axe         |       |       |       |    65 ||    65
Invok: Berserk           |     1 |     5 |     8 |    15 ||    29
       Trog's Hand       |       |     2 |     3 |     4 ||     9
       Brothers in Arms  |       |       |       |     4 ||     4
Evoke: Wand              |       |       |       |     4 ||     4
  Use: Potion            |       |       |     1 |     7 ||     8
       Scroll            |       |       |     7 |     6 ||    13
 Stab: Invisible         |       |       |       |     2 ||     2
Armor: Animal skin       |    36 |       |       |       ||    36
       Plate armour      |    40 |   228 |   300 |   212 ||   780
       Crystal plate arm |       |       |       |   253 ||   253
       Skin              |       |       |       |     6 ||     6
Dodge: Dodged            |    68 |    73 |   155 |   290 ||   586
Block: Kite shield       |       |       |    34 |   417 ||   451
